[Event "*** Titled Tuesday 3|2 Blitz"]
[Site "Chess.com"]
[Date "2015.10.06"]
[Round "5"]
[White "dabee"]
[Black "ItalianMachine"]
[Result "0-1"]
[WhiteElo "2358"]
[BlackElo "2225"]
[TimeControl "180+2"]
[EndTime "12:03:54 PDT"]
[Termination "ItalianMachine won by checkmate"]

1. d4 Nf6 2. Bg5 d6 3. Bxf6 gxf6 4. e3 e6 5. c4 Nd7 6. Nc3 c5 7. Nge2 Be7 8. d5 Ne5 9. Nf4 Qb6 10. Qc2 Bd7 11.
Be2 O-O-O 12. O-O-O f5 13. g3 Kb8 14. Bh5 Bf6 15.
Bxf7 Nxf7 16. dxe6 Bc6 17. Ncd5 Qxb2+ 18. Qxb2 Bxb2+ 19. Kxb2 Ne5 20. Kc3 Rde8 21. Rhf1 Rhf8 22. h3 Nf3 23. g4 fxg4 24. hxg4 Ng5 25. Rh1 Ne4+ 26. Kc2 Nxf2 27. Rxh7 Nxd1 28. Kxd1 Rh8 29. Rxh8 Rxh8 30. g5 Kc8 31. Nf6 Kd8 32. g6 Rh1+ 33. Ke2 Rg1 34. Kf2 Rg5 35. N4d5 Bxd5 36. cxd5 Rxg6 37. Ne4 Ke7 38.
Nc3 Kf6 39. Nb5 Ke7 40. Nxa7 Rg8 41. Nb5 Ra8 42. e4 Rxa2+ 43. Kf3 Rb2 44. Na7 c4 45. Ke3 b5 46. Nc8+ Ke8 47. Nxd6+ Kd8 48. Nf5 Rb3+ 49. Kd4 Rd3+ 50. Kc5 c3 51. d6 c2 52. e7+ Kd7 53. Ng7 c1=Q+ 54. Kb6 Qc6+ 55. Ka5 Ra3+ 56. Kb4 Qc3+ 57.
Kxb5 Ra5+ 58. Kb6 Qc5+ 59. Kb7 Rb5+ 60. Ka6 Qc6+ 61. Ka7 Qb7# 0-1

[Event "*** Titled Tuesday 3|2 Blitz"]
[Site "Chess.com"]
[Date "2015.10.06"]
[Round "5"]
[White "Boryboy"]
[Black "HansCoolNiemann"]
[Result "0-1"]
[WhiteElo "2475"]
[BlackElo "2071"]
[TimeControl "180+2"]
[EndTime "12:03:56 PDT"]
[Termination "HansCoolNiemann won on time"]

1. d4 Nf6 2. Nf3 g6 3. g3 Bg7 4. Bg2 O-O 5. O-O d5 6. c3 b6 7.
Bg5 Ne4 8. Bf4 c5 9. Nbd2 Nxd2 10. Qxd2 Nc6 11. Bh6 e6 12. h4 Ba6 13. Rfe1 Qe7 14. h5 Rad8 15. Bxg7 Kxg7 16. Qf4 f5 17. h6+ Kg8 18. Rad1 Qf6 19. Ng5 Qe7 20. Qd2 Bb7 21. f4 Rfe8 22. Qe3 c4 23. b3 b5 24. bxc4 bxc4 25.
Rb1 Rd7 26. Rb5 a6 27. Rb6 Nd8 28. Reb1 Qf8 29. Qe5 Qxh6 30. Rxb7 Nxb7 31. Bxd5 Rxd5 32. Qc7 Nd8 33. Qxc4 Rd7 34. Rb6 Qg7 35. Rxa6 h6 36. Nf3 Rc7 37. Qa4 Qd7 38. Qb3 Nf7 39. c4 Rb7 40. Qd3 Reb8 41. Kg2 Ra7 42. Rxa7 Qxa7 43. Qc2 Qa3 44. c5 Rb2 45. Qd1 Qxa2 46. Kf2 Qc4 47.
Ke3 Kf8 48. Kf2 Ke7 49. Nh4 g5 50. Nf3 Kd7 51. Ng1 Kc6 52. Kf1 Kd5 53. Nf3 Qc2 54. Qxc2 Rxc2 55. Kf2 g4 56. Ne1 Ra2 57. Nd3 Kxd4 58.
c6 Rc2 59. Nb4 Rc4 60. e3+ Kc3 0-1

[Event "*** Titled Tuesday 3|2 Blitz"]
[Site "Chess.com"]
[Date "2015.10.06"]
[Round "5"]
[White "A-Fier"]
[Black "Zvonokchess"]
[Result "0-1"]
[WhiteElo "2489"]
[BlackElo "2560"]
[TimeControl "180+2"]
[EndTime "12:04:08 PDT"]
[Termination "Zvonokchess won by resignation"]

1. b3 e5 2. Bb2 Nc6 3. e3 Nf6 4. Bb5 Bd6 5. Ne2 Ne7 6. Ng3 c6 7. Be2 Bc7 8. c4 d5 9. d4 e4 10.
Nc3 O-O 11. Qc2 a6 12. O-O-O b5 13. c5 a5 14. Kb1 Ba6 15. f3 Bxg3 16. hxg3 Nf5 17.
fxe4 Nxe3 18. Qd2 Nxd1 19. Bxd1 b4 20. Na4 Nxe4 21. Qf4 Qf6 22. Bc2 Qxf4 23. gxf4 Rae8 24. Nb6 Re7 25. a3 bxa3 26. Bxa3 Rfe8 27. Bc1 h6 28. Kb2 Nf6 29. Bd1 Be2 30. Bc2 Bb5 31. Bd1 Nd7 32. Nxd7 Rxd7 33. Bd2 Re4 34. Kc3 Rde7 35. Bf3 Re3+ 36. Bxe3 Rxe3+ 37. Kb2 a4 38. bxa4 Bxa4 39. Ra1 Bb5 40. Ra8+ Kh7 41. Ra7 Kg6 42.
Kc2 Rd3 43. Rd7 Rxd4 44. g3 Rc4+ 45. Kd2 Rxc5 46. Rd6+ f6 47. Bd1 Kf5 48. Rd7 g5 49. fxg5 hxg5 50. Rd6 Ke5 51. Rd8 Rc4 52. Re8+ Kd6 53. Rf8 Rd4+ 54. Ke1 Re4+ 55. Kd2 Ke7 56. Rh8 c5 57. Bf3 Rd4+ 58. Kc2 Bc4 59. Bh5 Rd3 60. g4 Rg3 61. Re8+ Kd6 62. Rf8 Ke5 63. Re8+ Kd4 64. Rf8 Rg2+ 65. Kd1 Kc3 66. Ke1 d4 67. Rxf6 Rg1+ 0-1

[Event "*** Titled Tuesday 3|2 Blitz"]
[Site "Chess.com"]
[Date "2015.10.06"]
[Round "5"]
[White "Imre91"]
[Black "Ginger_GM"]
[Result "1-0"]
[WhiteElo "2587"]
[BlackElo "2451"]
[TimeControl "180+2"]
[EndTime "12:04:15 PDT"]
[Termination "Imre91 won by checkmate"]

1. d4 e6 2. Nf3 f5 3. g3 Nf6 4. Bg2 Be7 5. O-O O-O 6. c4 d6 7.
Nc3 a5 8. a3 Ne4 9. Qc2 Nxc3 10. Qxc3 Bf6 11. Bf4 a4 12. Qc2 Qe7 13. e4 e5 14. dxe5 dxe5 15. Bd2 f4 16. gxf4 exf4 17.
Rae1 Bg4 18. e5 Bg5 19. h3 Bf5 20. Qc3 Nc6 21. Bc1 Bh6 22. Rd1 Qf7 23. Rd5 Be6 24.
Rfd1 Qh5 25. Kh2 Kh8 26. Rb5 g5 27. Kg1 Rad8 28. Rdd5 g4 29. hxg4 Qxg4 30. Nh2 Qg6 31. Rxd8 Rxd8 32. Rd5 Rg8 33. Qf3 Bxd5 34. cxd5 Nd4 35.
Qh3 Ne2+ 36. Kh1 Nxc1 37. Nf3 Nd3 38. Kg1 Bf8 39. Nh4 Qg4 40. Qxd3 Qxh4 41. e6 Qg5 42. Qd4+ Bg7 43. Qe4 Bf6 44. Kf1 Qe5 45. Qd3 Qxb2 46.
Bf3 Qd4 47. Qf5 Rg5 48. Qc2 Qc3 49. Qxa4 Qc1+ 50. Ke2 Re5+ 51. Be4 f3+ 52. Kxf3 Kg7 53. Qd7+ Kh6 54. Qxh7+ Kg5 55. Qg6+ Kh4 56. Qg4# 1-0

[Event "*** Titled Tuesday 3|2 Blitz"]
[Site "Chess.com"]
[Date "2015.10.06"]
[Round "5"]
[White "dpopadic"]
[Black "Rickstereo"]
[Result "0-1"]
[WhiteElo "2209"]
[BlackElo "2087"]
[TimeControl "180+2"]
[EndTime "12:04:24 PDT"]
[Termination "Rickstereo won by resignation"]

1. e4 c5 2. Nc3 Nc6 3. f4 g6 4. Nf3 Bg7 5. Bc4 e6 6. f5 Nge7 7. fxe6 fxe6 8. d3 O-O 9. O-O d5 10. Bb3 Qd6 11. Bg5 Bd7 12. Qd2 Rae8 13. Rae1 a6 14.
a4 Rf7 15. Bh6 Nd4 16. Bxg7 Nxf3+ 17. Rxf3 Rxf3 18. e5 Qb6 19. a5 Qa7 20. Bf6 c4+ 21. Kh1 Rf2 22. Qg5 cxb3 23. Bxe7 bxc2 24. Bf6 b6 25.
Qh6 Bb5 26. axb6 Qf7 27. Kg1 Rxf6 28. exf6 Qxf6 29. Qd2 Qd4+ 30. Kh1 Bxd3 31. b7 Rf8 32. h3 Qc4 33. Qe3 Bf5 34. Qb6 Qf4 35. Ne2 Qe5 36. Rc1 Kg7 37. Nd4 Kh6 38. Nf3 Qf4 39. Qg1 Rb8 40. Qe1 Rxb7 41. b4 Rc7 42.
Kg1 Rc4 43. Kf2 Re4 44. Qd2 Qxd2+ 45. Nxd2 Rxb4 46. Ke3 a5 47. g4 Be4 48. Nxe4 Rxe4+ 49. Kd3 Rc4 50. h4 Kg7 51. Kd2 a4 52. g5 a3 53.
Ke2 a2 54. Kd2 Kg8 55. h5 gxh5 56. g6 hxg6 57. Rg1 c1=Q+ 0-1

[Event "*** Titled Tuesday 3|2 Blitz"]
[Site "Chess.com"]
[Date "2015.10.06"]
[Round "5"]
[White "FairChess_on_YouTube"]
[Black "Dlugy"]
[Result "1/2-1/2"]
[WhiteElo "2710"]
[BlackElo "2563"]
[TimeControl "180+2"]
[EndTime "12:04:40 PDT"]
[Termination "Game drawn - insufficient material"]

1. e4 c5 2. Nf3 d6 3. d4 cxd4 4.
Nxd4 Nf6 5. Nc3 Nc6 6. h3 e5 7.
Nf3 Be7 8. Bc4 O-O 9. Bg5 Na5 10.
Bb3 Be6 11. Bxf6 Bxf6 12. O-O g6 13. Qd3 Nxb3 14. axb3 Qd7 15. Rfd1 Rfd8 16. Nd5 Bg7 17. c4 h6 18. Qe3 b6 19. b4 Kh7 20. b5 f5 21. b3 Rf8 22. Nb4 Qc7 23. Qd3 fxe4 24.
Qxe4 Bf5 25. Qc6 Qf7 26. Rxd6 e4 27. Nd4 Bxh3 28. Ra2 e3 29. gxh3 exf2+ 30. Kf1 Qf4 31. Nd3 Qe3 32. Nxf2 Bxd4 33. Qd7+ Bg7 34. Qg4 Qxb3 35.
Re2 Qb1+ 36. Kg2 h5 37. Qe4 Qxe4+ 38. Nxe4 Rae8 39. Ng5+ Kh6 40. Nf7+ Kh7 41. Ng5+ Kh6 42. Rxe8 Rxe8 43. h4 Rc8 44. Nf7+ Kh7 45. Ng5+ Kh6 46. Rc6 Re8 47. Rc7 Ra8 48. Kf3 a5 49. bxa6 Rxa6 50.
Nf7+ Kh7 51. Ng5+ Kh6 52. Ke4 Ra4 53. Kd5 Ra1 54. Kc6 Rh1 55. Nf7+ Kh7 56. Ng5+ Kh6 57.
Nf3 Rh3 58. Rf7 g5 59. hxg5+ Kg6 60. Rf4 Rg3 61. Kxb6 Rg4 62. Rxg4 hxg4 63. Ne1 g3 64. c5 Bd4 65. Kb5 Bxc5 66. Kxc5 Kxg5 67. Kd4 g2 68. Nxg2 1/2-1/2

[Event "*** Titled Tuesday 3|2 Blitz"]
[Site "Chess.com"]
[Date "2015.10.06"]
[Round "5"]
[White "stefanodinn"]
[Black "HubertKnott"]
[Result "1-0"]
[WhiteElo "2120"]
[BlackElo "2003"]
[TimeControl "180+2"]
[EndTime "12:04:42 PDT"]
[Termination "stefanodinn won on time"]

1. e4 e5 2. Nf3 Nc6 3. Bb5 a6 4.
Ba4 Nf6 5. O-O Be7 6. Re1 b5 7. Bb3 d6 8. c3 O-O 9. h3 Na5 10. Bc2 c5 11. d4 Qc7 12. Nbd2 Bd7 13. Nf1 g6 14. Bg5 Rfc8 15. Rc1 Nc6 16. Bb1 Kg7 17. Qd2 Ng8 18. h4 f6 19. Be3 Nd8 20. N3h2 Nf7 21.
f4 Be6 22. Nf3 cxd4 23. cxd4 Qd8 24. Ng3 Rxc1 25. Rxc1 Rc8 26. Rf1 Qc7 27. h5 Bg4 28.
hxg6 hxg6 29. f5 Bxf3 30. Rxf3 g5 31. Rf1 Kf8 32. Qe2 Nfh6 33. d5 Qd7 34. Nh1 Qe8 35.
Nf2 Qd7 36. Bd3 Ke8 37. Ng4 Nxg4 38. Qxg4 Bd8 39. Qh3 Qg7 40. Qh5+ Qf7 41. Qh3 Qg7 42. Rd1 Kf8 43. Qh5 Qf7 44. Qg4 Nh6 45. Qh3 Kg7 46.
g3 Qg8 47. Kg2 Qh7 48. Rh1 Be7 49. Qh5 Rh8 50. Kf1 Ng8 51. Qxh7+ Rxh7 52. Rxh7+ Kxh7 53. Ke1 Bd8 54. Kd2 Ba5+ 55. Kd1 Ne7 56. Bd2 Bxd2 57.
Kxd2 Kg7 58. Kc3 Ng8 59. g4 Ne7 60. Kb4 1-0

[Event "*** Titled Tuesday 3|2 Blitz"]
[Site "Chess.com"]
[Date "2015.10.06"]
[Round "5"]
[White "AnthonyWirig"]
[Black "Iball95"]
[Result "1-0"]
[WhiteElo "2549"]
[BlackElo "2353"]
[TimeControl "180+2"]
[EndTime "12:04:44 PDT"]
[Termination "AnthonyWirig won by checkmate"]

1. d4 d5 2. Nf3 Nf6 3. e3 Bf5 4. Nh4 Bg4 5. Qd3 Nbd7 6. h3 Bh5 7. g4 Bg6 8. Nxg6 hxg6 9. Bg2 c6 10. Bd2 e5 11.
Nc3 Qb6 12. Na4 Qc7 13. b3 e4 14. Qe2 g5 15. c4 Nb6 16. Nc3 O-O-O 17. c5 Nbd7 18.
b4 b6 19. a4 Kb8 20. Rb1 Ka8 21. Qa6 Be7 22. Kd1 Rb8 23. Kc2 bxc5 24. bxc5 Rxb1 25.
Rxb1 Rb8 26. Rxb8+ Nxb8 27. Qf1 Bd8 28. f3 exf3 29.
Qxf3 Qe7 30. Qf5 Ba5 31. Qxg5 Nbd7 32. Qxg7 Bxc3 33. Kxc3 Nxc5 34. dxc5 Qxc5+ 35. Kb2 Qb6+ 36. Kc1 Nd7 37. Qxf7 Nc5 38. Qf8+ Kb7 39. Qg7+ Kb8 40. Kd1 Qb3+ 41. Ke1 Qb1+ 42. Kf2 Qc2 43. Qc3 Nd3+ 44. Kg3 Qb1 45. Qxc6 Qd1 46. Qd6+ Kc8 47. Qe6+ Kb8 48.
Qe8+ Kc7 49. Qe7+ Kc8 50. Qe8+ Kc7 51. Ba5+ Kd6 52. Qd8+ Ke5 53. Qxd5+ Kf6 54. Bc3+ Ke7 55. Qe4+ Kd6 56. Qd4+ Ke7 57. Bb4+ Ke6 58. Bd5+ Kd7 59. Bf3+ Kc7 60. Bxd1 a6 61. Ba5+ Kb8 62. Bf3 Nc5 63.
Qd8+ Ka7 64. Qb6# 1-0

[Event "*** Titled Tuesday 3|2 Blitz"]
[Site "Chess.com"]
[Date "2015.10.06"]
[Round "5"]
[White "Schemato"]
[Black "Makalexa"]
[Result "1-0"]
[WhiteElo "2187"]
[BlackElo "1860"]
[TimeControl "180+2"]
[EndTime "12:04:46 PDT"]
[Termination "Schemato won on time"]

1. c4 g6 2. Nc3 Bg7 3. g3 e5 4.
Bg2 f5 5. Nf3 Nc6 6. d3 Nf6 7.
Bg5 h6 8. Bxf6 Bxf6 9. Nd5 d6 10. Nxf6+ Qxf6 11. Rb1 O-O 12. h4 Be6 13. b4 a6 14.
a4 a5 15. bxa5 Nxa5 16. O-O b6 17. Qd2 Kh7 18. Qc2 Rae8 19. Nd2 Re7 20. Nb3 Nxb3 21. Rxb3 f4 22. Rb5 Rg7 23. a5 bxa5 24. Rxa5 Bf5 25.
Ra7 g5 26. hxg5 hxg5 27. c5 g4 28. cxd6 cxd6 29. Rxg7+ Kxg7 30. Qc3 Rc8 31. Qb2 f3 32. exf3 gxf3 33. Bxf3 Rh8 34. Qb7+ Kh6 35. Kg2 Kg5 36. Be4 Qh6 37. Rg1 Qh3+ 38. Kf3 Bxe4+ 39. dxe4 Rf8+ 40. Ke3 Qh6 41. Qe7+ Kg4+ 42. Ke2 Rxf2+ 43. Kxf2 Qd2+ 44. Kf1 Qd3+ 45. Kf2 Qf3+ 46. Ke1 Qe3+ 47. Kf1 Qd3+ 48. Kg2 Qxe4+ 49. Kh2 d5 50. Qe6+ Kf3 51. Rf1+ Ke2 52. Qf7 d4 53. Qf2+ Kd3 54. Rd1+ Kc4 55. Qa2+ Kc5 56. Rc1+ Kd6 57. Qa6+ Kd7 58. Qa7+ Kd6 59.
Qc7+ Ke6 60. Rc6+ Kf5 61. Qh7+ Kg4 62. Qxe4+ 1-0

[Event "*** Titled Tuesday 3|2 Blitz"]
[Site "Chess.com"]
[Date "2015.10.06"]
[Round "5"]
[White "LADIESGET2KNOWME"]
[Black "pKiLz5Rn9b"]
[Result "0-1"]
[WhiteElo "2259"]
[BlackElo "2402"]
[TimeControl "180+2"]
[EndTime "12:04:54 PDT"]
[Termination "pKiLz5Rn9b won by checkmate"]

1. d4 e6 2. Nf3 Nf6 3. g3 d5 4. c4 Be7 5. Bg2 O-O 6. O-O b6 7. cxd5 exd5 8. Nc3 Bb7 9. Ne5 Na6 10. Bf4 c5 11. dxc5 Nxc5 12. Rc1 Re8 13. Nb5 Nfe4 14. Nd3 Ne6 15. Nc7 Nxc7 16. Rxc7 Ba6 17. Rc1 Bf6 18.
Qa4 Bxd3 19. exd3 Nc5 20. Qa3 Qd7 21. Be3 Ne6 22. Qb3 Rad8 23. Bh3 Qd6 24. Bxe6 fxe6 25. d4 Rc8 26. Qb5 Red8 27. Kg2 e5 28. Rxc8 Rxc8 29.
dxe5 Qxe5 30. Rd1 Rd8 31. Qa4 d4 32. Qc4+ Qd5+ 33. Qxd5+ Rxd5 34. Kf3 Rd8 35. Bf4 Kf7 36. Ke4 Ke6 37. g4 g5 38. Bd2 d3 39. Bc3 Bxc3 40.
bxc3 d2 41. Ke3 Ke5 42. f3 Rc8 43. Kxd2 Kf4 44. Ke2 Rxc3 45. Rd4+ Ke5 46. Rd7 Rc2+ 47. Ke3 Rxa2 48. Rxh7 Ra3+ 49. Kf2 a5 50. Rg7 Kf6 51. Rb7 Rb3 52. h4 gxh4 53. f4 h3 54. g5+ Kg6 55. Kg1 a4 56. Ra7 a3 57. Kh2 Kf5 58. Rf7+ Kg4 59.
g6 Rb2+ 60. Kg1 a2 61. Ra7 Rb1+ 62. Kf2 a1=Q 63. g7 Qd4+ 64. Ke2 Rb2+ 65. Ke1 Qg1# 0-1

[Event "*** Titled Tuesday 3|2 Blitz"]
[Site "Chess.com"]
[Date "2015.10.06"]
[Round "5"]
[White "GregShahade"]
[Black "BakaPG"]
[Result "1/2-1/2"]
[WhiteElo "2307"]
[BlackElo "2502"]
[TimeControl "180+2"]
[EndTime "12:05:10 PDT"]
[Termination "Game drawn by repetition"]

1. e4 e6 2. d4 d5 3. Nd2 a6 4.
Ngf3 Nf6 5. Bd3 c5 6. exd5 exd5 7.
dxc5 Bxc5 8. O-O O-O 9. Nb3 Ba7 10. h3 Nc6 11. Bf4 Re8 12. c3 Ne4 13. Nfd4 Qf6 14. Be3 Ne5 15. Be2 Qg6 16. Bh5 Qf6 17. Re1 Bd7 18. Bf3 Rad8 19. Nd2 Nd3 20. Bxe4 Nxe1 21. Bb1 Nxg2 22. Kxg2 Qh4 23. Qf3 Bb8 24. Bf5 Re5 25. Bxd7 Rxd7 26. Bf4 Re8 27. Bxb8 Rxb8 28. Re1 g6 29. Nf1 Rf8 30. Ng3 Qg5 31. Qe3 Qh4 32. Qe5 Rdd8 33. Qc7 Rde8 34. Rxe8 Rxe8 35. Qxb7 Qg5 36.
Qd7 Rd8 37. Qc7 h5 38. Nf3 Qf6 39. h4 Re8 40. Ng5 Re1 41. Qd7 Rd1 42. Qe8+ Kg7 43. Qe2 Ra1 44. a3 d4 45. cxd4 Qxd4 46. N3e4 Qd5 47.
Qf3 f5 48. Nc3 Qd7 49. Qe3 Qb7+ 50. f3 Qxb2+ 51. Kg3 Qb8+ 52. f4 Qb3 53. Qe7+ Kg8 54. Qe8+ Kg7 55. Qe7+ Kg8 56. Qe8+ Kg7 57. Qe5+ Kg8 58.
Qe8+ Kg7 59. Qe5+ Kg8 60. Qf6 Rxa3 61. Qd8+ Kg7 62. Qe7+ Kg8 63. Qe8+ Kg7 64. Qe7+ Kg8 65. Qe8+ Kg7 66. Qe7+ Kg8 67. Qe8+ Kg7 68. Qe7+ 1/2-1/2

[Event "*** Titled Tuesday 3|2 Blitz"]
[Site "Chess.com"]
[Date "2015.10.06"]
[Round "5"]
[White "silverback96"]
[Black "Chesster_30"]
[Result "0-1"]
[WhiteElo "1906"]
[BlackElo "1841"]
[TimeControl "180+2"]
[EndTime "12:05:17 PDT"]
[Termination "Chesster_30 won by resignation"]

1. d4 d5 2. c4 c6 3. Nf3 Nf6 4. g3 Bg4 5. Bg2 e6 6. h3 Bh5 7. Qb3 Qb6 8. c5 Qxb3 9. axb3 Bg6 10. b4 Be7 11. Nc3 O-O 12. b5 cxb5 13. Nxb5 Nc6 14. Bf4 a6 15. Nd6 Ra7 16. O-O Ne4 17. Nxe4 Bxe4 18.
Ne5 Nxd4 19. Bxe4 Nxe2+ 20. Kh2 Nxf4 21. Bc2 Ng6 22. Nxg6 hxg6 23. b4 Raa8 24. Rfd1 Rfc8 25. Ba4 Kf8 26. Bb3 Bf6 27. Ra2 Ke7 28. Re1 Kf8 29.
Rd1 Bd8 30. Rd4 a5 31. bxa5 Rxc5 32. Rb4 Rcxa5 33. Rxa5 Bxa5 34. Rxb7 Bd8 35. Kg2 f6 36. f4 Be7 37. g4 Kf7 38. f5 gxf5 39. gxf5 Rd8 40.
Kf3 exf5 41. Rb5 Ke6 42. Rb6+ Rd6 43. Rb7 g6 44. Kf4 g5+ 45. Kf3 Kf7 46. Rb5 Ke6 47. Rb7 f4 48. Kg4 f5+ 49. Kf3 Kf6 50. Rb5 d4 51. Ke2 d3+ 52. Kd1 f3 53. Bd5 Rxd5 54. Rxd5 f2 55. Kd2 f1=Q 56. Rxd3 g4 57. hxg4 fxg4 58. Re3 Bb4+ 0-1

[Event "*** Titled Tuesday 3|2 Blitz"]
[Site "Chess.com"]
[Date "2015.10.06"]
[Round "5"]
[White "Baggio95"]
[Black "GeorgMeier"]
[Result "0-1"]
[WhiteElo "2387"]
[BlackElo "2609"]
[TimeControl "180+2"]
[EndTime "12:05:26 PDT"]
[Termination "GeorgMeier won by checkmate"]

1. Nc3 e6 2. d4 d5 3. e4 dxe4 4. Nxe4 Nd7 5. Nf3 Ngf6 6. Bd3 c5 7. O-O Nxe4 8. Bxe4 Nf6 9. Bg5 cxd4 10. Nxd4 Be7 11.
Bf3 O-O 12. Qd3 Qc7 13. Rad1 Ng4 14. Bxg4 Bxg5 15. Nb5 Qb6 16. Qb3 a6 17. Nd6 Qc7 18. Bf3 Rb8 19. Nxc8 Rfxc8 20. c3 b5 21. Rd3 a5 22.
Rfd1 a4 23. Qb4 Qc4 24. Qa5 Qxa2 25. Bb7 Rf8 26. Qxb5 Bf6 27. g3 g6 28. Rd7 a3 29.
bxa3 Bxc3 30. a4 e5 31. Qa6 Bd4 32. Rf1 Rfd8 33. Bd5 Qxd5 34. Rxd5 Rxd5 35. Qc6 Rc5 36. Qd7 Rb2 37. Kg2 Kg7 38. Qd8 Ra2 39. Qd7 Ra5 40. Kh3 R5xa4 41. f4 Ra7 42. Qd5 R2a5 43. Qe4 f5 44.
Qc6 exf4 45. Rxf4 Bf6 46. Rb4 Rf7 47. Rb8 Raa7 48. Qe8 Kh6 49. Qe3+ Bg5 50. Qd4 f4 51. gxf4 Bxf4 52. Rb2 Bg5 53. Re2 Ra5 54. Qc4 Raf5 55. Kg2 Rf4 56. Qd5 Rg4+ 57. Kh3 Rff4 58. Rg2 Rh4+ 59.
Kg3 Rf5 60. Qc6 Rd4 61. Re2 Kh5 62. Kg2 Rg4+ 63. Kh3 Rff4 64. Rg2 Rh4+ 65. Kg3 Bf6 66. h3 Rf5 67. Re2 Be5+ 68. Kg2 Rhf4 69. Qb7 Rg5+ 70. Kh1 Rf1# 0-1

[Event "*** Titled Tuesday 3|2 Blitz"]
[Site "Chess.com"]
[Date "2015.10.06"]
[Round "5"]
[White "LyonBeast"]
[Black "gmjlh"]
[Result "1-0"]
[WhiteElo "2716"]
[BlackElo "2627"]
[TimeControl "180+2"]
[EndTime "12:05:49 PDT"]
[Termination "LyonBeast won by checkmate"]

1. e4 e5 2. Nf3 Nc6 3. Bb5 Nf6 4.
O-O Nxe4 5. Re1 Nd6 6. Nxe5 Be7 7. Bf1 Nf5 8. Nf3 O-O 9. d4 d5 10. g3 Re8 11. c3 Bd6 12. Rxe8+ Qxe8 13. Nbd2 Bd7 14.
b4 Nce7 15. a4 a6 16. Bd3 Ng6 17. Qc2 Nh6 18. Nf1 Ng4 19. Bg5 h6 20. Re1 Qf8 21. Bd2 Re8 22. Bf5 Rxe1 23. Nxe1 Qe8 24. Bxd7 Qxd7 25. Ng2 Ne7 26. f3 Nf6 27. Nfe3 c6 28. a5 Qe6 29. Qd3 h5 30. Nh4 g6 31. Neg2 Ne8 32. Be3 Ng7 33. Qd2 Nef5 34. Nxf5 Nxf5 35. Bf4 Bxf4 36. Nxf4 Qe7 37. Nd3 Nd6 38. Kf2 Nb5 39. Nc5 Kg7 40. Qe3 Qxe3+ 41. Kxe3 Nxc3 42. Nxb7 Nb5 43. Nc5 Nc7 44. h4 f6 45. Nd7 Kf7 46. Nb8 Ke7 47.
Nxc6+ Kd7 48. Na7 Kd6 49. g4 Ke7 50. gxh5 gxh5 51. Nc6+ Kd7 52. Na7 Ne6 53. b5 axb5 54. Nxb5 Kc6 55. Nc3 Ng7 56. a6 Nf5+ 57. Kf2 Nxh4 58.
Nxd5 Nf5 59. Nb4+ Kb6 60. d5 h4 61. Kg2 Nd4 62. d6 Nb5 63. Nd5+ Kc6 64. Nxf6 Kxd6 65. f4 Ke6 66. Ne4 Kd7 67. f5 Ke7 68. f6+ Ke6 69.
Kh3 Na7 70. Kxh4 Nc6 71. Kg5 Kf7 72. Nd6+ Ke6 73. f7 Ke7 74. Kg6 Kf8 75. Kf6 Na7 76. Ne4 Nc6 77. Nc5 Nd8 78. Nd7# 1-0

[Event "*** Titled Tuesday 3|2 Blitz"]
[Site "Chess.com"]
[Date "2015.10.06"]
[Round "6"]
[White "alturas_pacificas"]
[Black "dpopadic"]
[Result "0-1"]
[WhiteElo "2096"]
[BlackElo "2215"]
[TimeControl "180+2"]
[EndTime "12:08:24 PDT"]
[Termination "dpopadic won by resignation"]

1. d4 Nf6 2. Bf4 g6 3. e3 Bg7 4. Be2 d6 5. Nf3 O-O 6. O-O c5 7. h3 Nc6 8. c3 Bf5 9. Nbd2 Ne4 10. Nxe4 Bxe4 11. Nd2 Bf5 12. Bf3 Rc8 13. e4 Bd7 14. Be3 b6 15. Qe2 Qc7 16. Rfc1 Qb8 17. a3 cxd4 18. cxd4 Nxd4 19. Bxd4 Bxd4 20. Nb3 Bg7 21. Qa6 Bxb2 22. Rxc8 Qxc8 23. Qxc8 Rxc8 24. Ra2 Be5 25. a4 Be6 26. Ra3 Bxb3 27. Rxb3 Rc1+ 0-1

[Event "*** Titled Tuesday 3|2 Blitz"]
[Site "Chess.com"]
[Date "2015.10.06"]
[Round "6"]
[White "Badouuu"]
[Black "pedromartinez91"]
[Result "0-1"]
[WhiteElo "1956"]
[BlackElo "2220"]
[TimeControl "180+2"]
[EndTime "12:09:02 PDT"]
[Termination "pedromartinez91 won by resignation"]

1. e4 c5 2. Nf3 Nc6 3. Bb5 g6 4.
O-O Bg7 5. c3 Nf6 6. Re1 O-O 7. h3 Qb6 8. a4 d6 9. Na3 a6 10. Bf1 Qc7 11. d4 cxd4 12. cxd4 d5 13. e5 Ne4 14. Nh2 f6 15. f3 Ng3 16. Bf4 Nxf1 17. Nxf1 Qb6 18. exf6 Bxf6 19. Be5 Bxe5 20.
Kh1 Qxd4 21. Qb3 e6 22. Rad1 Qxb2 0-1

[Event "*** Titled Tuesday 3|2 Blitz"]
[Site "Chess.com"]
[Date "2015.10.06"]
[Round "6"]
[White "LyonBeast"]
[Black "Tal-Baronfew"]
[Result "0-1"]
[WhiteElo "2703"]
[BlackElo "2736"]
[TimeControl "180+2"]
[EndTime "12:09:41 PDT"]
[Termination "Tal-Baronfew won by resignation"]

1. e4 e6 2. d4 d5 3. Nc3 Bb4 4. e5 c5 5. a3 Bxc3+ 6. bxc3 Ne7 7. Qg4 cxd4 8. cxd4 Qc7 9. Bd2 Qxc2 10. Qxg7 Rg8 11. Qh6 Nbc6 12. Ne2 Nxd4 13. Nxd4 Qb2 14. Rd1 Qxd4 15.
Bb5+ Bd7 16. Bxd7+ Kxd7 17. O-O Rxg2+ 18. Kxg2 Qg4+ 19.
Kh1 Qf3+ 20. Kg1 Qg4+ 21. Kh1 Qf3+ 22. Kg1 Rg8+ 23. Bg5 Qg4+ 24. Kh1 Qf3+ 25. Kg1 Qg4+ 26. Kh1 Rxg5 0-1

[Event "*** Titled Tuesday 3|2 Blitz"]
[Site "Chess.com"]
[Date "2015.10.06"]
[Round "6"]
[White "Rickstereo"]
[Black "alexsuper1987"]
[Result "1-0"]
[WhiteElo "2097"]
[BlackElo "2180"]
[TimeControl "180+2"]
[EndTime "12:10:39 PDT"]
[Termination "Rickstereo won by resignation"]

1. d4 Nf6 2. c4 c5 3. d5 e6 4.
Nc3 exd5 5. Nxd5 d6 6. Bg5 Nbd7 7. Nf3 h6 8. Bf4 g5 9. Bd2 Ne4 10. e3 Bg7 11. Bd3 f5 12. Qc2 Nxd2 13. Nxd2 Nf6 14.
Bxf5 O-O 15. Bxc8 Nxd5 16. Be6+ Kh8 17. Bxd5 Qf6 18. Ne4 Qxb2 19. Qxb2 Bxb2 20. Rb1 Be5 21. Rxb7 Rab8 22. Ke2 Rxb7 23. Bxb7 Rb8 24. Rb1 Kg7 25.
Rb3 Bxh2 26. g3 Kg6 27. Kf3 Kf5 28. Kg2 1-0

[Event "*** Titled Tuesday 3|2 Blitz"]
[Site "Chess.com"]
[Date "2015.10.06"]
[Round "6"]
[White "E-Shaposhnikov"]
[Black "Er_is_geen_hoop_meer"]
[Result "1-0"]
[WhiteElo "2549"]
[BlackElo "2349"]
[TimeControl "180+2"]
[EndTime "12:11:12 PDT"]
[Termination "E-Shaposhnikov won by resignation"]

1. e4 c5 2. Nf3 e6 3. d4 cxd4 4. Nxd4 Nc6 5. Nb5 d6 6. Bf4 e5 7.
Be3 a6 8. N5c3 Nf6 9. Bc4 Be6 10. Nd5 Bxd5 11. Bxd5 Nxd5 12. Qxd5 Rc8 13. Nc3 Nb4 14. Qb3 d5 15. exd5 a5 16. a3 Na6 17. Qxb7 Nc5 18. Qb5+ Nd7 19. O-O Rb8 20. Qc6 Rxb2 21. Ne4 Rb8 22.
Rab1 Rc8 23. Qa4 f5 24. Ng5 f4 25. Ne6 Qe7 26. Bxf4 exf4 27. Rfe1 Kf7 28. Ng5+ Qxg5 29. Qxd7+ Be7 30. Qe6+ Kf8 31. Qxc8+ Kf7 32. Qe6+ Kf8 33. Rb8+ 1-0

[Event "*** Titled Tuesday 3|2 Blitz"]
[Site "Chess.com"]
[Date "2015.10.06"]
[Round "6"]
[White "Chesster_30"]
[Black "GGuseinov"]
[Result "0-1"]
[WhiteElo "1838"]
[BlackElo "2506"]
[TimeControl "180+2"]
[EndTime "12:11:36 PDT"]
[Termination "GGuseinov won by resignation"]

1. e4 c5 2. Nf3 Nc6 3. Bb5 g6 4.
Bxc6 bxc6 5. O-O Bg7 6. Re1 Nh6 7. c3 O-O 8. h3 d5 9. e5 d4 10. d3 dxc3 11. Nxc3 Ba6 12. Ne4 Qd5 13. Qb3 Rfd8 14. Bxh6 Bxh6 15. Red1 c4 16. Qa3 cxd3 17. Nc3 Qc4 18.
Qxe7 Rab8 19. Rab1 d2 20. g4 Rd3 21. Kg2 Qf4 22.
Nh2 c5 23. Qc7 Bb7+ 24. Kg1 Rg3+ 25. Kf1 Ba6+ 0-1

[Event "*** Titled Tuesday 3|2 Blitz"]
[Site "Chess.com"]
[Date "2015.10.06"]
[Round "6"]
[White "Haridaskesavan"]
[Black "FMCouch"]
[Result "0-1"]
[WhiteElo "2042"]
[BlackElo "2038"]
[TimeControl "180+2"]
[EndTime "12:11:38 PDT"]
[Termination "FMCouch won by resignation"]

1. a3 g6 2. g3 Bg7 3. Bg2 Nf6 4. e3 O-O 5. Ne2 d6 6. d4 e5 7. O-O Nc6 8. dxe5 Nxe5 9. h3 c6 10. Nbc3 d5 11. b3 Re8 12. Bb2 Bd7 13. Qd2 Bxh3 14. Rad1 Bxg2 15. Kxg2 Qe7 16. Nf4 Rad8 17. Nce2 Ne4 18.
Qc1 Qg5 19. f3 Nd6 20. Bxe5 Bxe5 21. c4 dxc4 22. bxc4 Nf5 23. e4 Nxg3 24. Nxg3 Bxf4 0-1

[Event "*** Titled Tuesday 3|2 Blitz"]
[Site "Chess.com"]
[Date "2015.10.06"]
[Round "6"]
[White "kleinebeer98"]
[Black "Moltini"]
[Result "0-1"]
[WhiteElo "2277"]
[BlackElo "2172"]
[TimeControl "180+2"]
[EndTime "12:11:44 PDT"]
[Termination "Moltini won by resignation"]

1. e4 c5 2. Nf3 d6 3. d4 cxd4 4. Nxd4 Nf6 5. Nc3 a6 6. g3 e5 7. Nb3 Be7 8. Bg2 O-O 9. O-O Nbd7 10. a4 b6 11. Be3 Bb7 12. Qe2 Rc8 13. Rfd1 Qc7 14.
Rac1 Nc5 15. Nxc5 dxc5 16. Nd5 Nxd5 17. exd5 Bd6 18. c4 f5 19. Bd2 Rce8 20. a5 bxa5 21. Ra1 e4 22. Bxa5 Qe7 23. Re1 Be5 24. Rab1 Qf6 25. b4 Bc3 26. Red1 f4 27. Bh3 f3 28.
Qf1 e3 29. fxe3 Rxe3 30. bxc5 Bxa5 31. Rxb7 f2+ 32. Kh1 Re1 33. c6 Qf3+ 0-1